 Dungeon Crawl Stone Soup version 0.32-a0-42-ga30500b4d3 (webtiles) character file.

Game seed: 6797835671686863853

4189 Dirtsage the Mimic (level 10, -8/69 HPs)
             Began as an Octopode Shapeshifter on Feb 2, 2024.
             Was a Follower of the Shining One.
             Mangled by a cyclops (13 damage)
             ... on level 8 of the Dungeon on Feb 3, 2024.
             The game lasted 00:13:30 (6312 turns).

Dirtsage the Mimic (Octopode Shapeshifter)          Turns: 6312, Time: 00:13:31

Health: -8/69      AC:  1    Str: 13    XL:     10   Next: 29%
Magic:  10/10      EV: 20    Int: 13    God:    the Shining One [*.....]
Gold:   220        SH:  0    Dex: 16    Spells: 9/9 levels left

rFire   . .          .
                       - Unarmed
rCold   . . .        (shield currently unavailable)
rNeg    . . .        (helmet restricted)
rPois   +            n - amulet of regeneration
rElec   .            P - ring of poison resistance
rCorr   .            (no ring)
SInv    .            (no ring)
Will    .....        (no ring)
Stlth   +            (no ring)
HPRegen 1.11/turn    (no ring)
MPRegen 0.12/turn    (no ring)
                     (no ring)

%: no passive effects
@: flux-form, glowing
A: glow, contaminating, almost no armour, amphibious, 8 rings, camouflage 1,
gelatinous body 1, (nimble swimmer 1), tentacles
a: Begin Untransformation, Renounce Religion, Divine Shield


You were on level 8 of the Dungeon.
You worshipped the Shining One.
The Shining One was aware of your devotion.
You were something dangerously unstable.
You visited 2 branches of the dungeon, and saw 9 of its levels.

You collected 423 gold pieces.
You spent 203 gold pieces at shops.

Inventory:

Missiles
 u - 6 curare-tipped darts (quivered)
Jewellery
 d - an amulet of guardian spirit
 m - an amulet of the acrobat
 n - an amulet of regeneration (around mantle)
 P - a ring of poison resistance (left tentacle)
Talismans
 b - a beast talisman
 c - a flux talisman (active)
Scrolls
 e - a scroll of enchant armour
 f - 2 scrolls of silence
 l - a scroll of vulnerability {unknown}
 r - a scroll of torment {unknown}
 t - 9 scrolls of teleportation
 B - 2 scrolls of blinking
Potions
 a - a potion of lignification
 g - 2 potions of brilliance
 h - 2 potions of haste
 i - a potion of heal wounds {unknown}
 j - a potion of attraction
 k - 4 potions of mutation {unknown}
 o - 3 potions of berserk rage {unknown}
 p - 2 potions of curing {unknown}
 q - 3 potions of might {unknown}
 s - a potion of magic


   Skills:
 + Level 6.6 Fighting
 + Level 6.7 Dodging
 + Level 7.2 Unarmed Combat
 * Level 9.1 Shapeshifting


You had 9 spell levels left.
You didn't know any spells.
Your spell library contained the following spells:

 Spells                   Type           Power      Damage    Failure   Level
 Alistair's Intoxication  Alch           0%         N/A       100%        5
 Borgnjor's Vile Clutch   Necr/Erth      0%         N/A       100%        5
 Eringya's Noxious Bog    Alch           0%         4d6       100%        6


Dungeon Overview and Level Annotations

Branches:
Dungeon (8/15)             Temple (1/1) D:7
   Lair: D:8-11

Altars:
Ashenzari
Cheibriados
Dithmenos
Elyvilon
Fedhas
Gozag
Hepliaklqana
Kikubaaqudgha
Makhleb
Nemelex Xobeh
Okawaru
Qazlal
Ru
Sif Muna
Trog
Uskayaw
Vehumet
Wu Jian
Xom
Yredelemnul
Zin
The Shining One

Shops:
D:1 :   D:3 ?   D:6 =

Annotations:
D:6 1 runed translucent door, Crazy Yiuf


Innate Abilities, Weirdness & Mutations

You are something dangerously unstable.
You glow with magical radiation, making you easy to see and hit.
Foes you strike become dangerously contaminated with magical radiation.
You are incapable of wielding weapons or throwing items.
You cannot wear most types of armour.
You are amphibious.
You can wear up to eight rings at the same time.
Your skin changes colour to match your surroundings (Stealth+).
Your rubbery body absorbs attacks. (AC +1, EV +1)
((You are camouflaged when in or above water. (Stealth+)))
You have tentacles for arms and can constrict up to eight enemies at once.


Message History

You take 5 damage, and have 64/69 hp.
The orc wizard casts a spell at you. The magic dart hits you!
You take 6 damage, and have 59/69 hp.
You tentacle-slap the orc wizard but do no damage.
The orc wizard begins to glow.
You grab the orc wizard.
You constrict the orc wizard, but do no damage.
The orc wizard hits you with a +0 dagger.
A cyclops comes into view.
You take 3 damage, and have 56/69 hp.
You tentacle-slap the orc wizard.
The orc wizard glows dangerously bright.
You squeeze the orc wizard, but do no damage.
The orc wizard is lightly wounded.
You constrict the orc wizard.
The orc wizard gestures at you while chanting.
You easily resist.
You tentacle-slap the orc wizard.
The orc wizard shudders as magic cascades through it!!
You kill the orc wizard!
The cyclops throws a large rock.
The large rock hits you!!
You take 33 damage, and have 23/69 hp.
MASSIVE DAMAGE!!
Things that are here:
a +0 dagger; a +0 robe You tentacle-slap the cyclops but do no damage.
The cyclops begins to glow.
The cyclops closely misses you.
You tentacle-slap the cyclops.
The cyclops glows dangerously bright.
You squeeze the cyclops.
The cyclops is lightly wounded.
The cyclops hits you!!
* * * LOW HITPOINT WARNING * * *
You take 22 damage, and have 3/69 hp.
MASSIVE DAMAGE!!
You tentacle-slap the cyclops.
The cyclops shudders as magic cascades through it.
The cyclops twists and deforms.
The cyclops is moderately wounded.
You tentacle-slap the cyclops.
The cyclops begins to glow.
The cyclops is heavily wounded.
The cyclops hits you!
You die...

.........#####
...........[. ........
[......#...> .......#.
......###..## .........
......####..####........
...../.......##.........
...#..#..#..##..........
...##...##.).##.........
...###.###))....p.......
###.##.##)###..##C......
.###.#.#.###...# ....#..
..####.####...## ..###
#.....8........ ..#
..####.####...# ... .##
#.# ##..# .... ## #.#
##.# .... ... #.#


You could see a cyclops (contam, misshapen).

Vanquished Creatures
  6 yaks (D:8)
  A wraith (D:8)
  A vampire mosquito (D:7)
  2 water moccasins
  3 sky beasts
  2 black bears (D:8)
  An ogre (D:5)
  2 centaurs
  2 kobold brigands
  3 bullfrogs
  7 scorpions
  3 killer bees
  4 howler monkeys
  A bombardier beetle (D:7)
  4 crimson imps (D:3)
  3 orc priests
  6 hounds
  2 gnoll boudas (D:7)
  5 jellies (D:5)
  2 sleepcaps
  3 iguanas
  2 orc wizards
  6 adders
  7 gnolls
  2 white imps (D:6)
  4 ufetubi
  3 dart slugs
  3 ribbon worms
  19 orcs
  8 bats
  8 endoplasms
  6 giant cockroaches
  4 hobgoblins
  2 jackals (D:1)
  5 quokkas
  11 ball pythons
  4 frilled lizards (D:1)
  10 goblins
  9 kobolds
  4 rats
180 creatures vanquished.

Notes
Turn   | Place    | Note
-------+----------+-------------------------------------------
     0 | D:1      | Dirtsage the Octopode Shapeshifter began the quest for the
                  | Orb.
     0 | D:1      | Reached XP level 1. HP: 13/13 MP: 1/1
    40 | D:1      | Found a faded altar of an unknown god.
    74 | D:1      | Reached XP level 2. HP: 11/18 MP: 0/2
   305 | D:1      | Reached XP level 3. HP: 20/23 MP: 1/3
   736 | D:1      | Found Gapsuy's Book Shop.
  1276 | D:2      | Reached XP level 4. HP: 29/29 MP: 4/4
  1935 | D:3      | Found an ornate altar of the Wu Jian Council.
  1970 | D:3      | Found Datrul's Magic Scroll Boutique.
  1980 | D:3      | Bought a scroll of identify for 28 gold pieces
  1980 | D:3      | Bought a scroll of teleportation for 42 gold pieces
  1980 | D:3      | Bought a scroll of identify for 28 gold pieces
  1990 | D:3      | Found a shimmering altar of Xom.
  1999 | D:3      | Reached skill level 4 in Shapeshifting
  1999 | D:3      | Reached XP level 5. HP: 11/34 MP: 5/5
  2320 | D:3      | Reached XP level 6. HP: 39/41 MP: 6/6
  2840 | D:5      | Entered Level 5 of the Dungeon
  2920 | D:5      | Found a snail-covered altar of Cheibriados.
  2922 | D:5      | Found a sparkling altar of Nemelex Xobeh.
  2941 | D:5      | Reached skill level 5 in Shapeshifting
  2941 | D:5      | Reached XP level 7. HP: 30/46 MP: 7/7
  3238 | D:5      | Reached XP level 8. HP: 54/54 MP: 8/8
  3246 | D:5      | Reached skill level 5 in Unarmed Combat
  3246 | D:5      | Reached skill level 6 in Shapeshifting
  3574 | D:5      | Found a broken altar of Ashenzari.
  3574 | D:5      | Found a white marble altar of Elyvilon.
  3576 | D:5      | Found a shadowy altar of Dithmenos.
  3578 | D:5      | Found a basalt altar of Yredelemnul.
  3580 | D:5      | Found a sacrificial altar of Ru.
  3584 | D:5      | Became a worshipper of Elyvilon the Healer
  3717 | D:3      | Bought a scroll of blinking for 105 gold pieces
  4024 | D:6      | Found Huylavoa's Jewellery Shoppe.
  4071 | D:6      | Found a runed translucent door.
  4072 | D:6      | Noticed Crazy Yiuf
  4134 | D:6      | Reached skill level 5 in Dodging
  4156 | D:6      | Reached skill level 7 in Shapeshifting
  4200 | D:6      | Reached * piety under Elyvilon
  4388 | D:6      | Reached skill level 5 in Fighting
  4388 | D:6      | Reached XP level 9. HP: 32/61 MP: 9/9
  4416 | D:6      | Identified the +7 dagger of the Rescuing Asp {elec, Int+6}
  4888 | D:7      | Found a staircase to the Ecumenical Temple.
  5308 | D:7      | Reached ** piety under Elyvilon
  5416 | Temple   | Entered the Ecumenical Temple
  5428 | Temple   | Fell from the grace of Elyvilon
  5428 | Temple   | Became a worshipper of the Shining One
  5511 | D:7      | Identified the +6 sling "Qastrinu" {heavy, rC+ rN+ rCorr}
  5758 | D:8      | Reached skill level 8 in Shapeshifting
  5838 | D:8      | Reached * piety under the Shining One
  5838 | D:8      | Noticed a centaur warrior
  5913 | D:8      | Identified the +1 helmet of the Arcane {+Inv}
  6124 | D:8      | Reached XP level 10. HP: 56/68 MP: 10/10
  6186 | D:8      | Reached skill level 9 in Shapeshifting
  6305 | D:8      | Noticed a cyclops
  6310 | D:8      | HP: 3/69 [cyclops (23)]
  6312 | D:8      | Mangled by a cyclops

Illustrated notes

Levels and vault maps discovered:
D:1:      matt_arrival_diagonals, layout_basic, serial_shops,
          nicolae_shop_behind_doors, shapermc_ecumenical_altar_venn,
          minmay_3d_cube
D:2:      layout_loops_cross
D:3:      layout_basic, led_xom_imps, nzn_wu_jian_council_hall, serial_shops,
          shop
D:4:      layout_cave_pools, kennysheep_generic_room_13
D:5:      minmay_razor_zed, layout_gridville, minitemple
D:6:      layout_loops_ring, serial_shops, nicolae_shop_tiny_statue_garden,
          dk_noncrumbling_4, st_stairs_12, serial_park_tiny_1,
          uniq_crazy_yiuf_cottage
D:7:      layout_basic, minmay_temple_entry_junction
D:8:      layout_cave_pools, kb_rosetta
Temple:   dshaligram_water_room_temple

Skill      XL: |  1  2  3  4  5  6  7  8  9 10 |
---------------+-------------------------------+-----
Fighting       | 2 3 4 5 6 |  6.6
Shapeshifting  | 4 5 7 8 9 |  9.1
Dodging        | 3 4 5 6 |  6.7
Unarmed Combat | 4 5 6 7 |  7.2

Action                     |  1- 3 |  4- 6 |  7- 9 | 10-12 || total
---------------------------+-------+-------+-------+-------++-------
  Melee: Unarmed           |    78 |    84 |   234 |    55 ||   451
         Constrict         |    14 |    27 |    55 |     7 ||   103
         Tentacles         |    12 |    22 |    69 |    23 ||   126
         Punch             |     1 |     2 |     5 |       ||     8
 Invoke: Divine Shield     |       |       |       |     1 ||     1
    Use: Scroll            |       |     3 |     8 |       ||    11
   Stab: Sleeping          |     8 |    13 |     3 |       ||    24
 Armour: Skin              |    35 |    30 |   103 |    20 ||   188
  Dodge: Dodged            |    42 |    42 |   177 |    24 ||   285
  Block: Other             |       |       |       |     2 ||     2
   Form: Flux              |       |       |     1 |       ||     1

Table legend: (Time is in decaauts)
 A = Elapsed time spent in this place.
 B = Non-inter-level travel time spent in this place.
 C = Inter-level travel time spent in this place.
 D = Time resting spent in this place.
 E = Time spent auto-exploring this place.
 F = Levels seen in this place.
 G = Mean time per level.
                   A        B        C        D        E       F      G
               +--------+--------+--------+--------+--------+-----+--------+
         Total |   6279 |   5930 |    349 |    227 |   4521 |   9 |  697.7 |
       Dungeon |   6257 |   5916 |    341 |    227 |   4521 |   8 |  782.1 |
        Temple |     21 |     13 |      8 |      0 |      0 |   1 |   21.0 |
               +--------+--------+--------+--------+--------+-----+--------+

Top non-repeatable levels by time:
     D:6: 1019 daAuts
     D:5: 976 daAuts
     D:1: 910 daAuts
     D:3: 878 daAuts
     D:7: 730 daAuts
     D:2: 722 daAuts
     D:8: 524 daAuts
     D:4: 496 daAuts
  Temple: 21 daAuts
